 Dungeon Crawl Stone Soup version 0.27-a0-1184-ge86db4a01e (webtiles) character file.

Game seed: 16307775164384625792

5322 voltaire321 the Cleaver (level 10, -2/90 HPs)
             Began as a Minotaur Gladiator on May 18, 2021.
             Was an Initiate of Makhleb.
             Slain by a two-headed ogre
             ... wielding a +0 giant club
              (15 damage)
             ... on level 8 of the Dungeon.
             The game lasted 00:19:25 (9185 turns).

voltaire321 the Cleaver (Minotaur Gladiator)        Turns: 9185, Time: 00:19:25

Health: -2/90      AC: 18    Str: 21    XL:     10   Next: 38%
Magic:  10/10      EV:  9    Int:  6    God:    Makhleb [......]
Gold:   541        SH:  0    Dex: 12    Spells: 9/9 levels left

rFire    + . .     SeeInvis .   B - +0 battleaxe
rCold    . . .     Faith    .   (shield currently unavailable)
rNeg     . . .     Spirit   .   C - +0 plate armour
rPois    .         Reflect  .   c - +0 hat
rElec    .         Harm     .   t - +0 cloak
rCorr    .         Rampage  .   (no gloves)
Will     .....                  p - +2 pair of boots
Stlth    ..........             (no amulet)
HPRegen  0.25/turn              l - +4 ring of slaying
MPRegen  0.12/turn              g - ring of protection from fire

@: no status effects
A: horns 2, retaliatory headbutt
a: Renounce Religion


You were on level 8 of the Dungeon.
You worshipped Makhleb.
Makhleb was noncommittal.
You visited 2 branches of the dungeon, and saw 9 of its levels.

You collected 541 gold pieces.

Inventory:

Hand Weapons
 a - a +0 war axe
 B - a +0 battleaxe (weapon)
Missiles
 d - 3 throwing nets (quivered)
 s - 5 datura-tipped darts
Armour
 c - a +0 hat (worn)
 p - a +2 pair of boots (worn)
 t - a +0 cloak (worn)
 C - a +0 plate armour (worn)
Jewellery
 g - a ring of protection from fire (right hand)
 l - a +4 ring of slaying (left hand)
Wands
 i - a wand of flame (31)
 x - a wand of mindburst (18)
Scrolls
 b - 2 scrolls of vulnerability {unknown}
 e - a scroll of enchant weapon {unknown}
 f - 6 scrolls of identify {unknown}
 j - a scroll of immolation {unknown}
 m - a scroll of enchant armour {unknown}
 o - a scroll of blinking {unknown}
 q - a scroll of amnesia {unknown}
 v - a scroll of fog {unknown}
 w - a scroll of noise {unknown}
 y - a scroll of silence {unknown}
Potions
 h - 3 potions of heal wounds {unknown}
 k - 2 potions of mutation {unknown}
 n - a potion of cancellation {unknown}
 r - 2 potions of might {unknown}
 u - 2 potions of curing {unknown}
 z - a potion of lignification {unknown}
 A - a potion of degeneration {unknown}


   Skills:
 + Level 8.8 Fighting
 + Level 9.3 Axes
 - Level 6.0 Throwing
 + Level 8.6 Armour
 + Level 8.5 Dodging
 + Level 1.7 Invocations


You had 9 spell levels left.
You didn't know any spells.
Your spell library contained the following spells:

 Spells                   Type           Power      Damage    Failure   Level
 Confusing Touch          Hex            0%         N/A       100%        3
 Gell's Gravitas          Tloc           0%         N/A       100%        3
 Petrify                  Tmut/Erth      0%         N/A       100%        4
 Metabolic Englaciation   Hex/Ice        0%         N/A       100%        5
 Yara's Violent Unravell  Hex/Tmut       0%         3d3       100%        5


Dungeon Overview and Level Annotations

Branches:
Dungeon (8/15)             Temple (1/1) D:7
   Lair: D:8-11

Altars:
Ashenzari
Cheibriados
Dithmenos
Elyvilon
Fedhas
Gozag
Hepliaklqana
Kikubaaqudgha
Makhleb
Nemelex Xobeh
Okawaru
Qazlal
Ru
Sif Muna
Trog
Uskayaw
Wu Jian
Xom
Yredelemnul
The Shining One

Shops:
D:1 :


Innate Abilities, Weirdness & Mutations

You have a pair of horns on your head.
You reflexively headbutt those who attack you in melee.


Message History

You slice the water moccasin!!
The water moccasin is severely wounded.
You feel very sick.
The water moccasin bites you but does no damage. x2
You closely miss the water moccasin. You headbutt the water moccasin.
The water moccasin is almost dead.
You feel very sick.
The water moccasin bites you but does no damage.
The water moccasin bites you.
You hit the water moccasin.
You kill the water moccasin!
Makhleb accepts your kill.
You feel sick.
You start resting.
You feel sick. x5
You are no longer poisoned.
HP restored.
You open the door.
There is an open door here.
A two-headed ogre comes into view.
It is wielding a +0 giant club and a +0 giant spiked club.
The two-headed ogre shouts in stereo!
A two-headed ogre is nearby!
You barely miss the two-headed ogre.
Your headbutt misses the two-headed ogre.
The two-headed ogre hits you with a +0 giant club.
The two-headed ogre closely misses you.
You hit the two-headed ogre.
The two-headed ogre is lightly wounded.
The two-headed ogre hits you with a +0 giant club!
The two-headed ogre hits you with a +0 giant spiked club!!
You slash the two-headed ogre!
The two-headed ogre is lightly wounded.
The two-headed ogre hits you with a +0 giant club!!
* * * LOW HITPOINT WARNING * * *
The two-headed ogre hits you but does no damage.
You barely miss the two-headed ogre.
The two-headed ogre is lightly wounded.
The two-headed ogre hits you with a +0 giant club!
* * * LOW HITPOINT WARNING * * *
The two-headed ogre hits you with a +0 giant spiked club!
You die...

###### #.......#
.....#####.......##
.................>#
.....#####.......#
####.# #.......#
#.# #......<# #.#
#.......# #.#
#####'###########
#.# #..@O.......#
####.#######
#####.#####.#
(........... ≈♣.♣
##.......... .. ..≈
#.......... .≈≈
≈≈≈. #..........
≈..♣ ≈##.#
###.####### ≈.≈≈ ≈≈
.# # ...# ###≈≈ ..
# # ...#


You could see a two-headed ogre.

Vanquished Creatures
  2 two-headed ogres
  A troll (D:7)
  A steam dragon (D:6)
  2 water moccasins
  An orc warrior (D:7)
  4 ice beasts
  A necrophage (D:7)
  A black bear (D:6)
  3 sky beasts
  3 ogres
  A centaur (D:8)
  3 phantoms
  Blork the orc (D:4)
  2 bullfrogs
  A gnoll sergeant (D:7)
  A water moccasin zombie (D:5)
  2 scorpions
  A water moccasin skeleton (D:5)
  7 wights (D:7)
  A howler monkey (D:5)
  5 centaur zombies
  A jelly (D:8)
  A bullfrog zombie (D:7)
  2 centaur skeletons
  3 orc priests
  4 iguanas
  4 orc wizards
  A killer bee zombie (D:7)
  3 hound skeletons (D:4)
  A hound zombie (D:5)
  2 howler monkey zombies (D:7)
  5 adders
  8 gnolls
  2 shadow imps (D:7)
  A white imp (D:6)
  2 ufetubi
  An adder zombie (D:5)
  A worm (D:6)
  4 dart slugs
  22 orcs
  3 ball pythons
  7 endoplasms
  A giant cockroach (D:1)
  11 goblins
  8 hobgoblins
  3 jackals (D:4)
  5 kobolds
  5 quokkas
  6 bats
  5 frilled lizards
  5 rats (D:1)
171 creatures vanquished.

Vanquished Creatures (others)
  A withered plant (D:7)
1 creature vanquished.

Grand Total: 172 creatures vanquished

Notes
Turn   | Place    | Note
-------+----------+-------------------------------------------
     0 | D:1      | voltaire321 the Minotaur Gladiator began the quest for the
                  | Orb.
     0 | D:1      | Reached XP level 1. HP: 18/18 MP: 0/0
    90 | D:1      | Reached XP level 2. HP: 16/25 MP: 1/1
   410 | D:1      | Reached skill level 1 in Armour
   643 | D:1      | Found Nekhlis's Book Shop.
   839 | D:1      | Reached skill level 4 in Axes
   839 | D:1      | Reached XP level 3. HP: 29/30 MP: 2/2
  1512 | D:2      | Reached XP level 4. HP: 38/38 MP: 3/3
  1735 | D:2      | Found a faded altar of an unknown god.
  2844 | D:4      | Noticed a phantom
  2857 | D:4      | Killed a phantom
  2858 | D:4      | Reached XP level 5. HP: 38/46 MP: 4/4
  2898 | D:4      | Noticed Blork the orc
  3221 | D:4      | Killed Blork the orc
  3222 | D:4      | Reached XP level 6. HP: 44/52 MP: 5/5
  3468 | D:4      | Reached skill level 5 in Axes
  3476 | D:4      | Found a blossoming altar of Fedhas.
  3485 | D:4      | Found an ornate altar of the Wu Jian Council.
  3667 | D:4      | Found an iron altar of Okawaru.
  4300 | D:5      | Entered Level 5 of the Dungeon
  4308 | D:5      | Noticed a water moccasin
  4315 | D:5      | Killed a water moccasin
  4316 | D:5      | Reached skill level 5 in Dodging
  4316 | D:5      | Reached XP level 7. HP: 34/60 MP: 6/6
  4575 | D:5      | Reached skill level 5 in Fighting
  4829 | D:5      | Reached skill level 6 in Axes
  4886 | D:5      | Reached XP level 8. HP: 58/69 MP: 7/7
  5046 | D:5      | Found a basalt altar of Yredelemnul.
  5105 | D:5      | Reached skill level 5 in Armour
  5527 | D:6      | Reached skill level 5 in Throwing
  5857 | D:6      | Found a snail-covered altar of Cheibriados.
  5881 | D:6      | Reached skill level 7 in Axes
  6026 | D:6      | Noticed a two-headed ogre
  6051 | D:6      | Killed a two-headed ogre
  6052 | D:6      | Reached XP level 9. HP: 56/79 MP: 8/8
  6339 | D:6      | Reached skill level 8 in Axes
  6865 | D:7      | Noticed a troll
  6868 | D:7      | Killed a troll
  6983 | D:7      | Found a bloodstained altar of Trog.
  7046 | D:7      | Reached XP level 10. HP: 30/82 MP: 9/9
  8044 | D:7      | Found a staircase to the Ecumenical Temple.
  8050 | Temple   | Entered the Ecumenical Temple
  8108 | Temple   | Became a worshipper of Makhleb the Destroyer
  8226 | D:7      | Reached skill level 9 in Axes
  8584 | D:8      | Noticed a two-headed ogre
  8741 | D:8      | Killed a two-headed ogre
  8742 | D:8      | Reached skill level 1 in Invocations
  9179 | D:8      | Noticed a two-headed ogre
  9185 | D:8      | Slain by a two-headed ogre

Illustrated notes

Levels and vault maps discovered:
D:1:      minmay_arrival_loop, layout_basic, serial_shops, shop,
          serial_park_tiny_1
D:2:      layout_loops_cross, ebering_ecumenical_altar_box,
          minmay_strange_pillars, minivault_24
D:3:      layout_basic
D:4:      layout_cave_pods, amcnicky_altar_gilded, overflow_temple_1_default,
          okawaru_altar_gauntlet_db, uniq_blork_the_orc
D:5:      layout_basic, nicolae_yredelemnul_corpse_copse
D:6:      layout_basic, slow_altar_1
D:7:      layout_basic, nicolae_overflow_crystal_walls,
          minmay_temple_entry_enclosed_plants, serial_undead, serial_undead_e,
          serial_undead_b, serial_undead_a, serial_undead_c, serial_undead_a
D:8:      layout_basic, serial_rivers, chequers_serial_rivers_marsh,
          chequers_serial_rivers_micro_a, chequers_serial_rivers_micro_c,
          chequers_serial_rivers_micro_e, chequers_serial_rivers_small_b,
          chequers_serial_rivers_micro_e
Temple:   jpeg_temple_clearing

Skill      XL: |  1  2  3  4  5  6  7  8  9 10 |
---------------+-------------------------------+-----
Armour         | 1 2 3 4 6 8 |  8.6
Axes           | 4 5 6 7 8 9 |  9.3
Fighting       | 3 4 5 7 8 |  8.8
Throwing       | 3 4 5 6 |  6.0
Dodging        | 4 5 7 8 |  8.5
Invocations    | 1 |  1.7

Action                   |  1- 3 |  4- 6 |  7- 9 | 10-12 || total
-------------------------+-------+-------+-------+-------++-------
Melee: War axe           |    75 |   101 |   159 |     3 ||   338
       Headbutt          |     8 |    14 |    38 |    13 ||    73
       Battleaxe         |       |       |       |    64 ||    64
Armor: Leather armour    |     7 |       |       |       ||     7
       Ring mail         |    16 |    10 |       |       ||    26
       Chain mail        |       |    57 |   107 |     6 ||   170
       Plate armour      |       |       |       |    47 ||    47
Dodge: Dodged            |    56 |    71 |    88 |    32 ||   247

Table legend: (Time is in decaauts)
 A = Elapsed time spent in this place.
 B = Non-inter-level travel time spent in this place.
 C = Inter-level travel time spent in this place.
 D = Time resting spent in this place.
 E = Time spent auto-exploring this place.
 F = Levels seen in this place.
 G = Mean time per level.
                   A        B        C        D        E       F      G
               +--------+--------+--------+--------+--------+-----+--------+
         Total |   9274 |   8987 |    287 |   1998 |   5605 |   9 | 1030.4 |
       Dungeon |   9173 |   8903 |    270 |   1998 |   5532 |   8 | 1146.6 |
        Temple |    100 |     83 |     17 |      0 |     73 |   1 |  100.0 |
               +--------+--------+--------+--------+--------+-----+--------+

Top non-repeatable levels by time:
     D:7: 1440 daAuts
     D:6: 1300 daAuts
     D:4: 1261 daAuts
     D:5: 1198 daAuts
     D:1: 1156 daAuts
     D:3: 986 daAuts
     D:2: 944 daAuts
     D:8: 885 daAuts
  Temple: 100 daAuts
